Description

This is a simple way to delete protos

Replay - 3 hatch ling flood

Build Order

Get SALT Encoding   

  12  0:00  Drone  
  13  0:11  Drone  
  14  0:34  Hatchery  
  13  0:37  Drone  
  14  1:01  Hatchery  
  13  1:17  Spawning Pool  
  12  1:20  Drone x2  
  14  1:29  Extractor  
  14  1:31  Drone  
  15  1:42  Overlord  
  15  2:05  Zergling x12  
  20  2:10  Queen  
  23  2:16  Zergling x6  
  26  2:27  Zergling x2  
Spawning Tool Build Advisor. Get it on Overwolf

Analysis

Basically spam cockroaches

Go to:

Details

  • Created by: Penguin
  • Published on: Mar 21, 2023
  • Modified on: Mar 23, 2023
  • Patch: 5.0.11
  • Difficulty: Easy
Show
View Real Time Build Order
Export as new Build Order

Comments (1)

On March 23, 2023, 2:49 a.m., BaneBus911  said:

I cant imagine this build working past silver and if a silver player simply knows how to wall off properly this doesnt even work in silver. Probably the worst build order ive ever seen on here. If u wanna all in just do a 12 pool with banes. It will work at least 100x more often then this rediculousness.

Create an account to comment!